[ PARTIDA AOE2 · #485467420 ]
1v1 RMYurchen vs Inca
Equipo del jugador · DERR
Equipo rival · VICT
[ ANÁLISIS DE REPETICIÓN · EXTRAÍDO DE LA PARTIDA GRABADA ]
Feudal
11:22
Castillos
14:52
Imperial
35:55
| APM promedio | 64.0 |
| APM pico | 112 |
| eAPM promedio | 26.9 |
| Aldeanos / militares | 116 / 30 |
Foco
⚔️ 28.9% · 🌾 71.1%
Unknown (1911) ×51 · Steppe Lancer ×18 · Battering Ram ×4 · Archer ×3 · Scorpion ×3 · Unknown (1908) ×2
Feudal
11:02
Castillos
14:36
Imperial
36:08
| APM promedio | 26.5 |
| APM pico | 49 |
| eAPM promedio | 20.9 |
| Aldeanos / militares | 168 / 100 |
Foco
⚔️ 24.2% · 🌾 75.8%
Unknown (2550) ×145 · Skirmisher ×89 · Monk ×5 · Mangonel ×2 · Petard ×2 · Trebuchet (Packed) ×2
Mapa de la partida
Recursos iniciales + cada clic de construcción. Líneas = muros · curvas = relieve. ◆ oro · ⬟ piedra · ● bayas · ✦ reliquia · ◌ hueco del cierre
Tu base· ✓ Cerrada en 14:52 · 5t muro · 6 puerta(s)
Base de TOM LE CHAMEAU· ✓ Cerrada en 14:36 · 0t muro · 2 puerta(s)
Terreno inicial suavizado · ◌ = hueco del cierre detectado · pasá el cursor para detalles
Inputs por minuto
— blame_lagg - - TOM LE CHAMEAU
Build order — blame_lagg
Primeras 150 de 332 acciones detectadas
| 0:00 | Crear | Villager (Male) |
| 0:02 | Construir | House |
| 0:03 | Construir | House |
| 0:06 | Crear | Villager (Male) |
| 0:12 | Crear | Villager (Male) |
| 0:13 | Crear | Villager (Male) |
| 0:13 | Crear | Villager (Male) |
| 0:44 | Construir | Palisade Gate |
| 0:51 | Construir | Palisade Wall |
| 0:53 | Construir | Palisade Wall |
| 1:01 | Construir | Palisade Gate |
| 1:11 | Construir | Palisade Gate |
| 1:12 | Construir | Palisade Wall |
| 1:14 | Construir | Palisade Wall |
| 1:15 | Construir | Palisade Wall |
| 1:42 | Crear | Villager (Male) |
| 1:53 | Crear | Villager (Male) |
| 1:53 | Crear | Villager (Male) |
| 2:23 | Crear | Villager (Male) |
| 2:30 | Crear | Villager (Male) |
| 3:21 | Crear | Villager (Male) |
| 3:25 | Crear | Villager (Male) |
| 3:32 | Construir | House |
| 3:58 | Crear | Villager (Male) |
| 3:59 | Crear | Villager (Male) |
| 4:04 | Construir | Mill |
| 4:50 | Crear | Villager (Male) |
| 4:59 | Construir | Lumber Camp |
| 5:16 | Crear | Villager (Male) |
| 5:19 | Crear | Villager (Male) |
| 5:26 | Construir | House |
| 5:52 | Crear | Villager (Male) |
| 6:05 | Construir | Farm |
| 6:09 | Crear | Villager (Male) |
| 6:26 | Crear | Villager (Male) |
| 6:41 | Construir | Farm |
| 6:43 | Construir | Farm |
| 6:45 | Crear | Villager (Male) |
| 6:52 | Crear | Villager (Male) |
| 6:57 | Crear | Villager (Male) |
| 7:22 | Construir | House |
| 7:35 | Crear | Villager (Male) |
| 7:59 | Crear | Villager (Male) |
| 9:10 | Investigar | Feudal Age |
| 9:10 | Investigar | Feudal Age |
| 9:13 | Construir | Mining Camp |
| 9:24 | Construir | Barracks |
| 11:16 | Crear | Villager (Male) |
| 11:22 | Edad | Edad Feudal |
| 11:26 | Construir | Archery Range |
| 11:28 | Construir | Blacksmith |
| 11:31 | Crear | Villager (Male) |
| 12:08 | Investigar | Castle Age |
| 12:09 | Investigar | Castle Age |
| 12:25 | Construir | House |
| 12:38 | Crear | Archer |
| 12:57 | Investigar | Double-Bit Axe |
| 12:57 | Investigar | Horse Collar |
| 13:15 | Crear | Archer |
| 13:21 | Investigar | Padded Archer Armor |
| 13:21 | Investigar | Padded Archer Armor |
| 13:31 | Crear | Villager (Male) |
| 13:42 | Crear | Archer |
| 13:44 | Investigar | Fletching |
| 13:54 | Construir | Archery Range |
| 14:13 | Construir | Farm |
| 14:37 | Crear | Villager (Male) |
| 14:46 | Construir | Farm |
| 14:46 | Construir | Farm |
| 14:47 | Crear | Villager (Male) |
| 14:52 | Edad | Edad de los Castillos |
| 14:55 | Crear | Unit 1911 ×3 |
| 14:55 | Crear | Unit 1911 ×3 |
| 15:00 | Construir | Farm |
| 15:04 | Construir | Farm |
| 15:05 | Crear | Villager (Male) |
| 15:23 | Investigar | Wheelbarrow |
| 15:26 | Construir | House |
| 15:26 | Construir | House |
| 15:32 | Crear | Villager (Male) |
| 16:08 | Construir | Siege Workshop |
| 16:12 | Crear | Unit 1911 ×3 |
| 16:15 | Construir | Farm |
| 16:15 | Construir | Farm |
| 16:40 | Crear | Villager (Male) |
| 16:43 | Crear | Unit 1911 |
| 17:05 | Construir | Farm |
| 17:07 | Crear | Villager (Male) |
| 17:12 | Crear | Unit 1911 |
| 17:23 | Crear | Battering Ram |
| 17:23 | Crear | Battering Ram |
| 17:27 | Construir | House |
| 17:29 | Crear | Villager (Male) |
| 17:36 | Crear | Villager (Male) |
| 17:56 | Crear | Unit 1911 |
| 17:56 | Crear | Unit 1911 |
| 18:11 | Crear | Battering Ram |
| 18:11 | Crear | Battering Ram |
| 18:24 | Crear | Villager (Male) |
| 18:29 | Construir | Lumber Camp |
| 18:58 | Crear | Unit 1911 |
| 18:58 | Crear | Unit 1911 |
| 19:05 | Construir | House |
| 19:06 | Construir | House |
| 19:08 | Crear | Villager (Male) |
| 19:19 | Crear | Unit 1911 |
| 19:24 | Investigar | Gold Mining |
| 19:24 | Investigar | Gold Mining |
| 19:36 | Construir | Mining Camp |
| 19:38 | Crear | Villager (Male) |
| 19:39 | Construir | Lumber Camp |
| 19:46 | Crear | Villager (Male) |
| 20:06 | Crear | Unit 1911 ×2 |
| 20:34 | Crear | Villager (Male) |
| 20:42 | Construir | Farm |
| 20:43 | Construir | Farm |
| 20:43 | Construir | Farm |
| 20:43 | Construir | Farm |
| 20:43 | Construir | Farm |
| 20:44 | Crear | Villager (Male) |
| 21:35 | Crear | Villager (Male) |
| 21:42 | Crear | Villager (Male) |
| 21:48 | Crear | Villager (Male) |
| 21:54 | Crear | Villager (Male) |
| 22:34 | Crear | Villager (Male) |
| 22:58 | Crear | Villager (Male) |
| 23:07 | Crear | Unit 1911 ×5 |
| 23:07 | Crear | Unit 1911 ×5 |
| 23:19 | Crear | Villager (Male) |
| 23:34 | Crear | Villager (Male) |
| 23:46 | Construir | Town Center |
| 23:46 | Crear | Villager (Male) |
| 23:47 | Construir | House |
| 23:48 | Construir | House |
| 23:48 | Construir | House |
| 23:55 | Crear | Villager (Male) |
| 24:13 | Crear | Villager (Male) |
| 24:27 | Crear | Villager (Male) |
| 24:39 | Crear | Villager (Male) |
| 24:42 | Crear | Villager (Male) |
| 24:59 | Construir | Farm |
| 25:02 | Construir | Mill |
| 25:03 | Construir | Farm |
| 25:03 | Construir | Farm |
| 25:03 | Construir | Farm |
| 25:03 | Construir | Farm |
| 25:03 | Construir | Farm |
| 25:04 | Construir | Farm |
| 25:04 | Construir | Farm |
| 25:05 | Crear | Villager (Male) |
Build order — TOM LE CHAMEAU
Primeras 150 de 438 acciones detectadas
| 0:00 | Crear | Villager (Male) |
| 0:01 | Crear | Villager (Male) |
| 0:04 | Construir | House |
| 0:06 | Construir | House |
| 0:13 | Crear | Villager (Male) |
| 0:14 | Crear | Villager (Male) |
| 1:26 | Crear | Villager (Male) |
| 1:26 | Crear | Villager (Male) |
| 2:02 | Crear | Villager (Male) |
| 2:02 | Crear | Villager (Male) |
| 2:02 | Crear | Villager (Male) |
| 2:13 | Crear | Villager (Male) |
| 2:13 | Crear | Villager (Male) |
| 2:13 | Crear | Villager (Male) |
| 3:02 | Crear | Villager (Male) |
| 3:02 | Crear | Villager (Male) |
| 3:25 | Crear | Villager (Male) |
| 3:51 | Crear | Villager (Male) |
| 3:51 | Crear | Villager (Male) |
| 4:09 | Crear | Villager (Male) |
| 4:47 | Construir | Settlement |
| 4:55 | Construir | Settlement |
| 4:58 | Crear | Villager (Male) |
| 5:02 | Crear | Villager (Male) |
| 5:47 | Crear | Villager (Male) |
| 5:54 | Crear | Villager (Male) |
| 6:31 | Construir | Settlement |
| 6:41 | Crear | Villager (Male) |
| 6:59 | Crear | Villager (Male) |
| 6:59 | Crear | Villager (Male) |
| 7:20 | Crear | Villager (Male) |
| 7:59 | Construir | Farm |
| 8:01 | Construir | Farm |
| 8:13 | Crear | Villager (Male) |
| 8:30 | Construir | Farm |
| 8:47 | Investigar | Feudal Age |
| 9:22 | Crear | Villager (Male) |
| 9:22 | Crear | Villager (Male) |
| 11:02 | Edad | Edad Feudal |
| 11:08 | Construir | Market |
| 11:11 | Construir | Blacksmith |
| 11:29 | Investigar | Double-Bit Axe |
| 11:29 | Investigar | Double-Bit Axe |
| 11:56 | Investigar | Castle Age |
| 11:56 | Investigar | Castle Age |
| 12:24 | Investigar | Horse Collar |
| 12:24 | Investigar | Horse Collar |
| 12:28 | Construir | Farm |
| 12:30 | Construir | Farm |
| 12:33 | Construir | Farm |
| 12:34 | Construir | Farm |
| 13:15 | Crear | Villager (Male) |
| 13:44 | Crear | Villager (Male) |
| 14:36 | Edad | Edad de los Castillos |
| 14:39 | Construir | Town Center |
| 14:43 | Construir | Town Center |
| 14:45 | Crear | Villager (Male) |
| 14:53 | Investigar | Bow Saw |
| 15:05 | Crear | Villager (Male) |
| 15:48 | Crear | Villager (Male) |
| 15:49 | Crear | Villager (Male) |
| 15:52 | Investigar | Heavy Plow |
| 15:52 | Investigar | Heavy Plow |
| 16:00 | Crear | Villager (Male) |
| 16:01 | Crear | Villager (Male) |
| 16:01 | Crear | Villager (Male) |
| 16:07 | Crear | Villager (Male) |
| 16:07 | Crear | Villager (Male) |
| 16:07 | Crear | Villager (Male) |
| 16:13 | Construir | Farm |
| 16:17 | Construir | Farm |
| 16:31 | Construir | Farm |
| 16:31 | Crear | Villager (Male) |
| 16:41 | Crear | Villager (Male) |
| 16:41 | Crear | Villager (Male) |
| 16:43 | Construir | Farm |
| 16:50 | Crear | Villager (Male) |
| 16:54 | Construir | Farm |
| 16:57 | Crear | Villager (Male) |
| 16:57 | Crear | Villager (Male) |
| 17:06 | Construir | Monastery |
| 17:13 | Construir | Farm |
| 17:13 | Crear | Villager (Male) |
| 17:24 | Crear | Villager (Male) |
| 17:33 | Construir | Farm |
| 17:34 | Construir | Farm |
| 17:36 | Construir | Farm |
| 17:38 | Crear | Villager (Male) |
| 17:42 | Construir | Farm |
| 17:48 | Crear | Villager (Male) |
| 17:49 | Construir | Farm |
| 17:52 | Crear | Villager (Male) |
| 17:52 | Crear | Villager (Male) |
| 17:56 | Crear | Monk |
| 17:57 | Construir | Farm |
| 18:05 | Construir | Farm |
| 18:06 | Crear | Villager (Male) |
| 18:12 | Construir | Farm |
| 18:14 | Construir | Farm |
| 18:14 | Construir | Farm |
| 18:16 | Crear | Villager (Male) |
| 18:18 | Construir | Farm |
| 18:23 | Construir | Farm |
| 18:30 | Crear | Villager (Male) |
| 18:31 | Crear | Villager (Male) |
| 18:32 | Construir | Farm |
| 18:40 | Crear | Monk |
| 18:42 | Crear | Villager (Male) |
| 18:51 | Crear | Monk |
| 18:52 | Crear | Villager (Male) |
| 18:52 | Crear | Villager (Male) |
| 18:57 | Construir | Barracks |
| 18:59 | Crear | Villager (Male) |
| 18:59 | Crear | Villager (Male) |
| 19:02 | Crear | Villager (Male) |
| 19:10 | Crear | Villager (Male) |
| 19:15 | Construir | Farm |
| 19:16 | Construir | Farm |
| 19:16 | Construir | Farm |
| 19:18 | Construir | Farm |
| 19:20 | Construir | Farm |
| 19:21 | Construir | Farm |
| 19:22 | Crear | Villager (Male) |
| 19:24 | Construir | Farm |
| 19:28 | Construir | Farm |
| 19:33 | Construir | House |
| 19:35 | Crear | Villager (Male) |
| 19:36 | Crear | Villager (Male) |
| 19:36 | Crear | Villager (Male) |
| 19:52 | Crear | Villager (Male) |
| 19:52 | Crear | Villager (Male) |
| 19:53 | Crear | Villager (Male) |
| 20:09 | Construir | Siege Workshop |
| 20:11 | Crear | Villager (Male) |
| 20:12 | Investigar | Loom |
| 20:17 | Investigar | Fletching |
| 20:21 | Construir | Archery Range |
| 20:28 | Crear | Villager (Male) |
| 20:29 | Crear | Villager (Male) |
| 20:29 | Crear | Villager (Male) |
| 20:36 | Crear | Mangonel |
| 20:40 | Construir | House |
| 20:44 | Construir | House |
| 20:47 | Crear | Villager (Male) |
| 20:48 | Crear | Villager (Male) |
| 20:48 | Crear | Villager (Male) |
| 21:01 | Crear | Villager (Male) |
| 21:01 | Crear | Villager (Male) |
| 21:02 | Crear | Villager (Male) |
| 21:08 | Crear | Skirmisher |
Cronología de la partida
| 0:51 | blame_lagg · wall_segment Palisade Wall x1 |
| 0:53 | blame_lagg · wall_segment Palisade Wall x1 |
| 1:12 | blame_lagg · wall_segment Palisade Wall x1 |
| 1:14 | blame_lagg · wall_segment Palisade Wall x1 |
| 1:15 | blame_lagg · wall_segment Palisade Wall x1 |
| 9:24 | blame_lagg · first_building Barracks |
| 11:02 | TOM LE CHAMEAU · age_up feudal |
| 11:22 | blame_lagg · age_up feudal |
| 11:26 | blame_lagg · first_building Archery Range |
| 14:36 | TOM LE CHAMEAU · age_up castle |
| 14:52 | blame_lagg · age_up castle |
| 16:08 | blame_lagg · first_building Siege Workshop |
| 17:06 | TOM LE CHAMEAU · first_building Monastery |
| 18:57 | TOM LE CHAMEAU · first_building Barracks |
| 20:09 | TOM LE CHAMEAU · first_building Siege Workshop |
| 20:21 | TOM LE CHAMEAU · first_building Archery Range |
| 20:33 | TOM LE CHAMEAU · first_market_sell 100 wood |
| 27:10 | TOM LE CHAMEAU · wall_segment Stone Wall x1 |
| 28:14 | TOM LE CHAMEAU · wall_segment Stone Wall x1 |
| 28:40 | blame_lagg · first_building Monastery |
| 29:32 | TOM LE CHAMEAU · first_market_buy 100 stone |
| 30:56 | blame_lagg · first_building Stable |
| 34:24 | blame_lagg · first_building Castle |
| 35:04 | TOM LE CHAMEAU · first_building Castle |
| 35:55 | blame_lagg · age_up imperial |
| 36:08 | TOM LE CHAMEAU · age_up imperial |
| 41:50 | blame_lagg · resign |
[ ANÁLISIS IA · 1 CRÉDITO ]
¿Qué pasó realmente en esta partida?
Wolo.gg analiza cada decisión: build order, eco, micro, errores típicos por bracket. Análisis personalizado por WhatsApp o Discord en 30 segundos.
Guía civ
Yurchen
Guía mapa
Arena
Perfil
Jugador #3265956